 Dungeon Crawl Stone Soup version 0.21.1-1-g345015fe64 (webtiles) character file.

64 LevaFresel the Shield-Bearer (level 4, -1/35 HPs)
             Began as a Human Fighter on June 11, 2018.
             Slain by an orc
             ... wielding a +0 dagger
              (3 damage)
             ... on level 2 of the Dungeon.
             The game lasted 00:07:06 (1254 turns).

LevaFresel the Shield-Bearer (Human Fighter)        Turns: 1254, Time: 00:07:06

Health: -1/35      AC:  6    Str: 17    XL:     4   Next: 32%
Magic:  4/4        EV:  7    Int:  8    God:
Gold:   70         SH:  9    Dex: 13    Spells: 3/3 levels left

rFire    . . .     SeeInvis .   a - +0 long sword
rCold    . . .     Gourm    .   c - +0 shield
rNeg     . . .     Faith    .   b - +0 scale mail
rPois    .         Spirit   .   (no helmet)
rElec    .         Reflect  .   (no cloak)
rCorr    .         Harm     .   (no gloves)
MR       .....                  (no boots)
Stlth    ..........             (no amulet)
HPRegen  0.11/turn              (no ring)
MPRegen  0.09/turn              (no ring)

@: no status effects
A: no striking features
a: no special abilities


You were on level 2 of the Dungeon.
You were not hungry.

You visited 1 branch of the dungeon, and saw 3 of its levels.

You collected 70 gold pieces.

Inventory:

Hand Weapons
 a - a +0 long sword (weapon)
Missiles
 i - 7 curare-tipped needles
 o - 9 poisoned needles
Armour
 b - a +0 scale mail (worn)
 c - a +0 shield (worn)
Scrolls
 e - a scroll of enchant armour {unknown}
 g - a scroll of fog {unknown}
 h - a scroll of magic mapping {unknown}
 k - a scroll of amnesia {unknown}
 n - a scroll of remove curse {unknown}
 p - a scroll of identify {unknown}
Potions
 d - a potion of might
 j - a potion of invisibility {unknown}
 l - 3 potions of heal wounds {unknown}
 m - 2 potions of curing {unknown}
Comestibles
 f - 3 rations
 q - 6 chunks of flesh


   Skills:
 + Level 3.3 Fighting
 * Level 3.0 Long Blades
 + Level 3.3 Armour
 + Level 1.2 Dodging
 + Level 3.3 Shields


You had 3 spell levels left.
You didn't know any spells.

Dungeon Overview and Level Annotations

Branches:
Dungeon (3/15)

Altars:

Annotations:
D:3 Faustar's ghost, weakling DENe


Message History

* * * LOW HITPOINT WARNING * * *
The goblin barely misses you.
You hit the adder.
You kill the adder!
Your Long Blades skill increases to level 3!
The goblin barely misses you. You block the orc's attack.
You barely miss the goblin. You block the goblin's attack.
The orc hits you but does no damage. The goblin hits you but does no damage.
The orc hits you with a dagger.
* * * LOW HITPOINT WARNING * * *
You barely miss the goblin. The goblin hits you but does no damage.
The orc hits you with a dagger.
* * * LOW HITPOINT WARNING * * *
You closely miss the goblin. You block the goblin's attack.
The orc hits you but does no damage.
You closely miss the goblin. The goblin closely misses you.
You riposte.
You hit the goblin.
You kill the goblin!
The orc hits you with a dagger.
You die...

# #####..#.###.....##........# ##
#........................ .##
####...##.................. ..###
#.......#.................#
....###.###..........<.)[........
.....##.#.......................#
...........#....................#
#................o..............#
...............†@.........#######
.#.........)###...........####
..........)........(.........####
.............#..........##.#....#
.#.........#.##.........##..##...
.#.........#..##.................
.###....#.###..........)...#.....
.###.##...........#........#.....
###..####..................#.....


You could see an orc.

Vanquished Creatures
  3 adders
  3 leopard geckos
  An orc (D:2)
  A bat (D:1)
  A giant cockroach (D:1)
  2 goblins
  2 hobgoblins (D:2)
  6 jackals (D:2)
  3 quokkas (D:2)
  A ball python (D:2)
  3 frilled lizards
  3 kobolds
  2 rats
31 creatures vanquished.

Notes
Turn   | Place    | Note
-------+----------+-------------------------------------------
     0 | D:1      | LevaFresel the Human Fighter began the quest for the Orb.
     0 | D:1      | Reached XP level 1. HP: 18/18 MP: 1/1
   188 | D:1      | You fall through a shaft!
   236 | D:2      | Reached XP level 2. HP: 23/24 MP: 2/2
   262 | D:1      | Reached XP level 3. HP: 26/29 MP: 3/3
   516 | D:1      | Reached skill level 1 in Dodging
  1187 | D:2      | Reached XP level 4. HP: 32/35 MP: 4/4
  1227 | D:3      | Noticed Faustar's ghost (weakling DENe)
  1254 | D:2      | Slain by an orc

Skill      XL: |  1  2  3  4 |
---------------+-------------+-----
Dodging        | 1 |  1.2
Long Blades    | 3 |  3.0
Fighting       | |  3.3
Armour         | |  3.3
Shields        | |  3.3

Action                   |  1- 3 |  4- 6 || total
-------------------------+-------+-------++-------
Melee: Long sword        |    65 |    23 ||    88
  Eat: Chunk             |     1 |       ||     1
Armor: Scale mail        |    47 |    14 ||    61
Dodge: Dodged            |    24 |     9 ||    33
Block: Shield            |    40 |    15 ||    55
       Rpst.: Long sword |    11 |     2 ||    13
